 Dungeon Crawl Stone Soup version 0.30-a0-989-g0d87f670db (webtiles) character file.

Game seed: 1363345515424845489

351 Newt the Trooper (level 6, -2/51 HPs)
             Began as a Demonspawn Gladiator on Apr 2, 2023.
             Slain by a wraith (12 damage)
             ... in an ossuary.
             The game lasted 00:04:20 (3576 turns).

Newt the Trooper (Demonspawn Gladiator)             Turns: 3576, Time: 00:04:21

Health: -2/51      AC:  6    Str: 16    XL:     6   Next: 34%
Magic:  6/6        EV: 19    Int:  9    God:
Gold:   193        SH:  4    Dex: 19    Spells: 5/5 levels left

rFire   . . .      SeeInvis .    s - +0 club (spect)
rCold   . . .      Faith    .    (no shield)
rNeg    . . .      Spirit   .    p - +1 leather armour of Rotation {Contam Dex+4}
rPois   .          Reflect  .    c - +0 helmet
rElec   .          Rampage  .    (no cloak)
rCorr   .                        (no gloves)
Will    .....                    t - +0 pair of boots
Stlth   +                        (no amulet)
HPRegen 0.28/turn                o - +5 ring of evasion
MPRegen 0.10/turn                (no ring)

@: slowed, very slow
A: repulsion field 1, condensation shield
a: no special abilities


You were in an ossuary.
You visited 1 branch of the dungeon, and saw 4 of its levels.
You also visited: Ossuary.

You collected 193 gold pieces.

Inventory:

Hand Weapons
 a - a +0 rapier
 g - a +2 whip of pain
 s - a +0 spectral club (weapon)
Missiles
 d - 2 throwing nets (quivered)
 e - a javelin
Armour
 b - a +0 leather armour
 c - a +0 helmet (worn)
 p - the +1 leather armour of Rotation (worn) {Contam Dex+4}
   (You found it on level 2 of the Dungeon)

   Dex:       It affects your dexterity (+4).
   Contam:    It causes magical contamination when unequipped.
 t - a +0 pair of boots (worn)
Jewellery
 o - a +5 ring of evasion (left hand)
 q - a ring of ice
Scrolls
 f - a scroll of immolation
 j - a scroll of fog
 k - a scroll of teleportation
 u - a scroll of amnesia {unknown}
Potions
 h - 4 potions of haste {unknown}
 i - a potion of might
 l - 4 potions of curing {unknown}
 m - a potion of degeneration
 n - 2 potions of brilliance {unknown}


   Skills:
 - Level 5.0 Fighting
 - Level 2.6 Short Blades
 + Level 4.0 Maces & Flails
 - Level 1.7 Throwing
 - Level 2.6 Dodging


You had 5 spell levels left.
You didn't know any spells.
Your spell library contained the following spells:

 Spells                   Type           Power      Damage    Failure   Level
 Ensorcelled Hibernation  Hex/Ice        0%         N/A       58%         2
 Passwall                 Tmut/Erth      0%         N/A       58%         2
 Swiftness                Air            0%         N/A       83%         3


Dungeon Overview and Level Annotations

Branches:
Dungeon (4/15)            Ossuary (1/1)
 Temple: D:4-7

Altars:
Cheibriados
Gozag

Shops:
D:4 (


Innate Abilities, Weirdness & Mutations

You are surrounded by a mild repulsion field. (EV +2)
A meltable shield of frost defends you. (SH +4)


Message History

* * * LOW HITPOINT WARNING * * *
You closely miss the wraith.
The wraith is severely damaged.
Your +0 spectral club hits the wraith but does no damage.
The wraith hits you but does no damage. You block the wraith's attack.
Unknown command.
You hit the wraith.
The wraith is severely damaged.
Your +0 spectral club barely misses the wraith.
The wraith hits you!
* * * LOW HITPOINT WARNING * * *
Unknown command.
You feel much better. The wraith hits you! The wraith drains your vigour!
You feel as though you will be slow longer.
The wraith misses you.
You hit the wraith but do no damage.
The wraith is severely damaged.
Your +0 spectral club hits the wraith but does no damage.
The wraith hits your +0 spectral club but does no damage.
You hit the wraith but do no damage.
The wraith is severely damaged.
Your +0 spectral club hits the wraith but does no damage.
The wraith closely misses you. The wraith misses you.
You barely miss the wraith.
The wraith is severely damaged.
Your +0 spectral club hits the wraith but does no damage.
The wraith barely misses you. The wraith misses you.
You hit the wraith but do no damage.
The wraith is severely damaged.
Your +0 spectral club hits the wraith but does no damage.
The wraith hits you!
* * * LOW HITPOINT WARNING * * *
The wraith drains your vigour!
You feel as though you will be slow longer.
The wraith attacks as you move away! You block the wraith's attack. x2
You barely miss the wraith.
The wraith is severely damaged.
Your +0 spectral club closely misses the wraith.
The wraith hits you!
You die...

###############
#..............
#..............
#..####ยง.###..#
#..#!'.W@#
#..####.(#+#..#+#
#........#.#..#.#
#...............
#..####.......# .. #..#
+....8...# ..8
#..####.......#+#.......#
#.............#.#........
#........................


You could see a wraith and a friendly +0 spectral club (summoned).

Vanquished Creatures
  An ogre (D:3)
  A phantom (D:3)
  A sleepcap (D:3)
  Terence (D:2)
  Robin (D:4)
  3 gnolls (D:2)
  An adder (D:3)
  A worm (D:3)
  3 dart slugs
  2 orcs (D:3)
  7 endoplasms
  2 giant cockroaches (D:1)
  12 goblins
  8 hobgoblins
  3 jackals (D:3)
  3 quokkas
  11 ball pythons
  2 bats
  5 frilled lizards
  A gnoll zombie (Ossuary)
  2 goblin zombies (Ossuary)
  2 hobgoblin zombies (Ossuary)
  9 kobolds
  4 kobold zombies (Ossuary)
  2 rats (D:1)
88 creatures vanquished.

Notes
Turn   | Place    | Note
-------+----------+-------------------------------------------
     0 | D:1      | Newt the Demonspawn Gladiator began the quest for the Orb.
     0 | D:1      | Reached XP level 1. HP: 16/16 MP: 1/1
   155 | D:1      | Gained mutation: A meltable shield of frost defends you.
                  | (SH +4) [demonic ancestry]
   155 | D:1      | Reached XP level 2. HP: 23/23 MP: 2/2
   239 | D:1      | Reached skill level 3 in Fighting
   822 | D:2      | Reached XP level 3. HP: 28/29 MP: 3/3
   963 | D:2      | Noticed Terence
   978 | D:2      | Killed Terence
   979 | D:2      | Reached skill level 4 in Fighting
  1187 | D:2      | Reached XP level 4. HP: 33/38 MP: 4/4
  1225 | D:2      | Identified the +1 leather armour of Rotation {Contam Dex+4}
  1851 | D:3      | Noticed a phantom
  1891 | D:3      | Killed a phantom
  1892 | D:3      | Reached skill level 5 in Fighting
  1892 | D:3      | Reached XP level 5. HP: 38/44 MP: 5/5
  1955 | D:3      | Found an opulent altar of Gozag.
  2549 | D:3      | Found a snail-covered altar of Cheibriados.
  2612 | D:3      | Noticed an ogre
  2624 | D:3      | HP: 2/44 [ogre/+0 giant spiked club (22)]
  2627 | D:3      | Killed an ogre
  2628 | D:3      | Gained mutation: You are surrounded by a mild repulsion
                  | field. (EV +2) [demonic ancestry]
  2628 | D:3      | Reached XP level 6. HP: 3/51 MP: 6/6
  3296 | D:4      | Found Tuigill's Weapon Shoppe.
  3326 | D:4      | Noticed Robin
  3349 | D:4      | Killed Robin
  3356 | D:4      | Found a sand-covered staircase.
  3361 | Ossuary  | Entered an ossuary
  3361 | Ossuary  | Noticed a wraith
  3361 | Ossuary  | Noticed a wraith
  3361 | Ossuary  | Noticed a wraith
  3542 | Ossuary  | Noticed a wraith
  3569 | Ossuary  | HP: 2/51 [wraith (12)]
  3576 | Ossuary  | Slain by a wraith

Illustrated notes

Levels and vault maps discovered:
D:1:      matt_arrival_refuge, layout_loops_ring, chequers_arboretum
D:2:      wad_pebble_path, layout_basic, nrook_mini_vaults,
          nicolae_eternal_life, minmay_pentomino_u2, uniq_terence
D:3:      layout_loops_cross, general_overflow_altar, grunt_gozag_statues,
          minmay_misc_feat_secret_circle, nrook_mini_backslash, feat_on_display
D:4:      layout_basic, old_standard_altar, grunt_dithmenos_smoke_and_mirrors,
          tgw_xom, marbit_many_paths, nicolae_ossuary_entry_plus,
          portal_sewer_entry_f, nicolae_take_the_stairs, uniq_robin
Ossuary:  ossuary_kennysheep_city_of_the_dead

Skill      XL: |  1  2  3  4  5  6 |
---------------+-------------------+-----
Fighting       | 3 4 5 |  5.0
Maces & Flails | 2 3 4 |  4.0
Short Blades   | |  2.6
Throwing       | |  1.7
Dodging        | |  2.6

Action                     |  1- 3 |  4- 6 || total
---------------------------+-------+-------++-------
  Melee: Rapier            |    33 |       ||    33
         Whip              |    90 |   173 ||   263
         Punch             |       |     5 ||     5
         Club              |       |    64 ||    64
  Throw: Throwing net      |       |     3 ||     3
    Use: Scroll            |       |     8 ||     8
         Potion            |       |     2 ||     2
   Stab: Held in net/web   |       |     2 ||     2
         Sleeping          |       |     1 ||     1
 Armour: Leather armour    |    35 |    42 ||    77
  Dodge: Dodged            |    62 |   157 ||   219
  Block: Other             |    18 |    56 ||    74

Table legend: (Time is in decaauts)
 A = Elapsed time spent in this place.
 B = Non-inter-level travel time spent in this place.
 C = Inter-level travel time spent in this place.
 D = Time resting spent in this place.
 E = Time spent auto-exploring this place.
 F = Levels seen in this place.
 G = Mean time per level.
                   A        B        C        D        E       F      G
               +--------+--------+--------+--------+--------+-----+--------+
         Total |   3599 |   3522 |     77 |    659 |   2152 |   5 |  719.8 |
       Dungeon |   3370 |   3293 |     77 |    659 |   2025 |   4 |  842.5 |
       Ossuary |    229 |    229 |      0 |      0 |    127 |   1 |  229.0 |
               +--------+--------+--------+--------+--------+-----+--------+

Top non-repeatable levels by time:
     D:3: 1445 daAuts
     D:2: 1071 daAuts
     D:1: 786 daAuts
 Ossuary: 229 daAuts
     D:4: 66 daAuts
